 Dungeon Crawl Stone Soup version 0.22.1-1-ga44c0e56f4 (webtiles) character file.

52262 Kohma the Warrior (level 14, -2/135 HPs)
             Began as a Hill Orc Fighter on Oct 7, 2018.
             Was an Elder of Beogh.
             Slain by a naga warrior
             ... wielding a cursed +0 scimitar
              (6 damage)
             ... on level 1 of the Snake Pit on Oct 8, 2018.
             The game lasted 01:42:26 (24903 turns).

Kohma the Warrior (Hill Orc Fighter)               Turns: 24903, Time: 01:42:27

Health: -2/135     AC: 18    Str: 23    XL:     14   Next: 63%
Magic:  30/30      EV:  4    Int: 10    God:    Beogh [****..]
Gold:   1127       SH: 23    Dex:  8    Spells: 13/13 levels left

rFire    + + +     SeeInvis +   a - +2 scimitar (flame)
rCold    x . .     Gourm    .   C - +1 large shield {rF+}
rNeg     . . .     Faith    .   p - +0 fire dragon scales
rPois    +         Spirit   .   P - +0 helmet {SInv}
rElec    +         Reflect  +   q - +2 cloak {MR+}
rCorr    .         Harm     .   U - +0 pair of gloves {archery}
MR       ++...                  k - +0 pair of boots
Stlth    ..........             M - +2 amulet of reflection
HPRegen  0.32/turn              y - ring of Eggo {Wiz rElec MP+9 Int+2}
MPRegen  0.22/turn              R - ring of Teem {+Blink rPois Dex-3 Slay+3 Stlth+}

@: constricted
A: no striking features
a: Smiting, Recall Orcish Followers, Renounce Religion, Evoke Blink


You were on level 1 of the Snake Pit.
You worshipped Beogh.
Beogh was greatly pleased with you.
You were not hungry.

You visited 5 branches of the dungeon, and saw 21 of its levels.
You also visited: Sewer.

You collected 2405 gold pieces.
You spent 1278 gold pieces at shops.

Inventory:

Hand Weapons
 a - a +2 scimitar of flaming (weapon)
 b - a +0 fustibalus
 j - a +2 vampiric war axe
 A - a +0 demon trident of freezing
 B - a +3 great sword
Missiles
 i - 555 stones (quivered)
Armour
 k - a +0 pair of boots (worn)
 p - +0 fire dragon scales (worn)
 q - a +2 cloak of magic resistance (worn)
 C - a +1 large shield of fire resistance (worn)
 E - a +1 chain mail of cold resistance
 P - a +0 helmet of see invisible (worn)
 U - a +0 pair of gloves of archery (worn)
Jewellery
 x - an uncursed ring of resist corrosion
 y - the ring of Eggo (left hand) {Wiz rElec MP+9 Int+2}
   (You took it off a wight on level 11 of the Dungeon)

   [ring of wizardry]

   It improves your spell success rate.
   It affects your intelligence (+2).
   It insulates you from electricity.
   It affects your magic capacity (+9).
 H - an uncursed ring of see invisible
 K - an uncursed amulet of faith
 M - a +2 amulet of reflection (around neck)
 R - the ring of Teem (right hand) {+Blink rPois Dex-3 Slay+3 Stlth+}
   (You bought it in a shop on level 2 of the Orcish Mines)

   [ring of slaying]

   It affects your dexterity (-3).
   It affects your accuracy and damage with ranged weapons and melee attacks
   (+3).
   It protects you from poison.
   It lets you blink.
   It makes you more stealthy.
 V - a +5 ring of dexterity
Wands
 e - a wand of disintegration (41)
 D - a wand of polymorph (53)
 G - a wand of enslavement (26)
 I - a wand of acid (55)
 J - a wand of iceblast (6)
 X - a wand of digging (16)
Scrolls
 g - 13 scrolls of teleportation
 h - 3 scrolls of blinking
 s - a scroll of holy word {unknown}
 u - 8 scrolls of remove curse
 F - 2 scrolls of enchant armour
 L - 3 scrolls of immolation
 N - 2 scrolls of enchant weapon
 Q - a scroll of torment {unknown}
 S - a scroll of noise {unknown}
Potions
 d - 6 potions of might
 m - 2 potions of magic
 n - 2 potions of agility
 o - 3 potions of lignification
 r - 4 potions of invisibility
 t - 2 potions of haste
 v - 2 potions of brilliance
 w - 4 potions of ambrosia
 z - 10 potions of curing
 O - 2 potions of flight
Comestibles
 f - 28 rations


   Skills:
 + Level 15.4 Fighting
 - Level 14.0 Long Blades
 + Level 7.9 Armour
 * Level 15.1 Shields
 - Level 10.0 Invocations


You had 13 spell levels left.
You didn't know any spells.
Your spell library contained the following spells:

 Spells                   Type           Power        Failure   Level  Hunger
 Corona                   Hex            #......      78%         1    ##.....
 Infusion                 Chrm           #...         78%         1    ##.....
 Corpse Rot               Necr           N/A          89%         2    ###....
 Ensorcelled Hibernation  Hex/Ice        #.....       89%         2    ###....
 Shroud of Golubria       Chrm/Tloc      #.........   89%         2    ###....
 Song of Slaying          Chrm           #.......     89%         2    ###....
 Confuse                  Hex            #.......     98%         3    ####...
 Dazzling Spray           Conj/Hex       #.....       98%         3    ####...
 Regeneration             Chrm/Necr      #.........   98%         3    ####...
 Spectral Weapon          Hex/Chrm       #.......     98%         3    ####...
 Stone Arrow              Conj/Erth      #.....       98%         3    ####...
 Tukima's Dance           Hex            #.......     98%         3    ####...
 Leda's Liquefaction      Hex/Erth       #.........   100%        4    #####..
 Bolt of Magma            Conj/Fire/Erth #.........   100%        5    ######.
 Iskenderun's Battlesphe  Conj/Chrm      #.......     100%        5    ######.
 Summon Forest            Summ/Tloc      #.........   100%        5    ######.
 Venom Bolt               Conj/Pois      #.........   100%        5    ######.
 Hydra Form               Tmut           #.........   100%        6    #######
 Iron Shot                Conj/Erth      #.........   100%        6    #######
 Orb of Destruction       Conj           #.........   100%        7    #######
 Spellforged Servitor     Conj/Summ      #.........   100%        7    #######
 Summon Hydra             Summ           #.........   100%        7    #######


Dungeon Overview and Level Annotations

Branches:
Dungeon (11/15)            Temple (1/1) D:5            Lair (6/6) D:10
  Swamp (0/4) Lair:3        Snake (1/4) Lair:2        Slime (0/5) Lair:5
    Orc (2/2) D:11            Elf (0/3) Orc:2

Altars:
Ashenzari
Cheibriados
Dithmenos
Elyvilon
Fedhas
Gozag
Hepliaklqana
Kikubaaqudgha
Makhleb
Nemelex Xobeh
Okawaru
Qazlal
Ru
Sif Muna
Trog
Uskayaw
Vehumet
Wu Jian
Xom
Yredelemnul
Zin
The Shining One
Jiyva

Shops:
D:5 [   D:11 [   Orc:2 %[=(

Annotations:
D:6 exclusion: downstairs
D:10 3 runed door ghost, exclusion: downstairs, nano's ghost, novice GnTm
Lair:5 1 runed door


Message History

The splash of poison hits you! You resist.
* * * LOW HITPOINT WARNING * * *
The naga warrior constricts you.
You barely miss the naga warrior.
The naga warrior is severely wounded.
The naga warrior hits you from afar with a trident!
* * * LOW HITPOINT WARNING * * *
Jorge hits the naga warrior with a +1 flail of crushing.
You block the naga warrior's attack.
* * * LOW HITPOINT WARNING * * *
The naga warrior constricts you.
Evoke which item? (* to show all) (? for menu, Esc to quit)
Aiming: Dig
Press: ? - help, Shift-Dir - straight line A rock wall.
The rock shatters into small pieces.
The naga warrior barely misses you.
Jorge hits the naga warrior with a +1 flail of crushing.
The naga warrior hits you with a scimitar!
* * * LOW HITPOINT WARNING * * *
You die...

#.)## #...# #.#.# #...#
##...# #...# ##.#..# #...#
##....## #..## ##...###
#...# ##)....### #...#
####.No##...# ##...#
#...N)@###..### ##....#
........>#.###)[.###....##
...#.#.####.###...#....##
## #### #.###[.....##
#.###....## #.#o...##
##....## ##....## ##.#####


You could see 2 naga warriors and the friendly Jorge the orc warlord.

Vanquished Creatures
  Fannar (D:11)
  Harold (D:8)
  8 hydras
  A naga warrior (Snake:1)
  Erica (D:8)
  3 two-headed ogres
  An orc high priest (Orc:2)
  3 death yaks (D:10)
  A naga sharpshooter (Snake:1)
  Urug (Orc:2)
  A skeletal warrior (D:11)
  2 unseen horrors (D:11)
  2 orc knights
  An orc sorcerer (Orc:2)
  2 cyclopes
  2 ugly things (D:11)
  A guardian serpent (Snake:1)
  Maurice (D:10)
  7 black mambas
  2 gargoyles (D:11)
  A naga mage (Snake:1)
  A centaur skeleton (D:11)
  3 spiny frogs
  4 komodo dragons
  A kobold demonologist (D:11)
  3 trolls
  3 polar bears (Lair:6)
  A raiju (Lair:6)
  2 hornets
  5 hippogriffs
  3 blink frogs (Lair:3)
  A slime creature (D:11)
  2 dream sheep (Lair:5)
  A shadow (D:11)
  3 wyverns
  20 yaks
  2 wraiths
  A hungry ghost (D:11)
  2 basilisks
  Menkaure (D:7)
  3 nagas (Snake:1)
  2 wargs (Lair:6)
  7 hell hounds (Lair:6)
  Edmund (D:6)
  4 water moccasins
  6 porcupines
  2 ice beasts
  5 orc warriors
  7 sky beasts
  8 black bears
  An eye of draining (D:9)
  4 phantoms
  7 ogres
  8 wolves
  A centaur (D:7)
  4 crocodiles
  4 big kobolds
  19 bullfrogs
  4 scorpions
  6 wights
  3 howler monkeys (D:9)
  An electric eel (Lair:5)
  4 crimson imps
  A quasit (D:9)
  2 bullfrog skeletons
  8 hounds
  10 orc priests
  9 orc wizards
  4 jellies
  3 iguanas
  4 worker ants
  A worker ant zombie (D:7)
  11 adders
  3 river rats
  3 shadow imps
  8 oozes
  An adder zombie (D:7)
  2 adder skeletons (D:9)
  11 worms
  3 dart slugs (D:1)
  11 leopard geckos
  27 orcs
  A ball python (D:5)
  11 bats
  8 giant cockroaches
  5 goblins
  7 hobgoblins
  14 jackals
  17 kobolds
  7 quokkas
  9 frilled lizards
  A jackal skeleton (D:5)
  A quokka skeleton (D:9)
  2 rats (D:1)
  A plant (Lair:6)
419 creatures vanquished.

Vanquished Creatures (collateral kills)
  Louise (Snake:1)
  A stone giant (D:11)
  The ghost of Riddle the Demolition Ant, a journeyman FoFi of Makhleb (Lair:4)
  3 hydras
  A two-headed ogre (D:11)
  An orc high priest (Orc:2)
  A naga sharpshooter (Snake:1)
  A swamp dragon (D:11)
  3 orc knights (Orc:2)
  A mana viper (Snake:1)
  2 oklob plants (Lair:2)
  An orc sorcerer (Orc:2)
  2 spiny frogs
  2 komodo dragons
  A kobold demonologist (D:11)
  2 rime drakes
  7 polar bears
  A raiju (Lair:6)
  3 dream sheep (Lair:5)
  11 yaks
  A wyvern (Lair:4)
  2 wargs (Lair:6)
  2 nagas (Snake:1)
  5 water moccasins
  8 hell hounds (Lair:6)
  2 porcupines
  7 orc warriors
  4 black bears (Lair:6)
  10 wolves
  3 crocodiles
  3 bullfrogs
  2 electric eels
  A hound (D:11)
  An orc priest (Orc:2)
  4 orc wizards
  A worker ant (D:11)
  A shadow imp (D:11)
  4 oozes (D:11)
  A leopard gecko (D:11)
  8 orcs
  A kobold (D:11)
  A bush (Lair:2)
  7 plants
125 creatures vanquished.

Vanquished Creatures (others)
  An orc high priest (Orc:2)
  An orc knight (Orc:2)
  2 orc sorcerers
  7 orc warriors
  4 orc priests (Orc:2)
  10 orc wizards
  An adder (D:11)
  18 orcs
  A bat (D:3)
  6 plants (Lair:6)
51 creatures vanquished.

Grand Total: 595 creatures vanquished

Notes
Turn   | Place    | Note
-------+----------+-------------------------------------------
     0 | D:1      | Kohma the Hill Orc Fighter began the quest for the Orb.
     0 | D:1      | Reached XP level 1. HP: 19/19 MP: 1/1
   166 | D:1      | Reached XP level 2. HP: 19/27 MP: 2/2
   753 | D:1      | Reached XP level 3. HP: 33/33 MP: 3/3
  1792 | D:2      | Reached XP level 4. HP: 40/40 MP: 4/4
  1994 | D:3      | Became a worshipper of Beogh the Brigand
  2149 | D:3      | Noticed a bullfrog
  2156 | D:3      | Killed a bullfrog
  2330 | D:3      | Reached XP level 5. HP: 35/47 MP: 5/5
  2721 | D:3      | Found a white marble altar of Elyvilon.
  2721 | D:3      | Found a burning altar of Makhleb.
  2812 | D:4      | Noticed an ogre
  3124 | D:4      | Found a faded altar of an unknown god.
  3124 | D:4      | Found a faded altar of an unknown god.
  3131 | D:4      | Found a basalt altar of Yredelemnul.
  3133 | D:4      | Found an ornate altar of the Wu Jian Council.
  3135 | D:4      | Found a stormy altar of Qazlal.
  3359 | D:4      | Reached skill level 5 in Shields
  3646 | D:4      | Reached * piety under Beogh
  3707 | D:4      | Killed an ogre
  3707 | D:4      | Reached skill level 1 in Invocations
  3707 | D:4      | Reached XP level 6. HP: 28/55 MP: 5/7
  3927 | D:5      | Entered Level 5 of the Dungeon
  3946 | D:5      | Found a staircase to the Ecumenical Temple.
  3992 | D:5      | Found Nouduo's Antique Armour Boutique.
  4209 | D:5      | Reached skill level 5 in Fighting
  4233 | D:5      | Found a glowing drain.
  4239 | Sewer    | Entered a sewer
  4312 | Sewer    | Reached skill level 5 in Long Blades
  4522 | Sewer    | Reached XP level 7. HP: 55/61 MP: 8/8
  4526 | Sewer    | Reached ** piety under Beogh
  5021 | D:5      | Bought a runed cloak for 165 gold pieces
  5447 | Temple   | Entered the Ecumenical Temple
  5876 | D:6      | Noticed Edmund
  5891 | D:6      | Killed Edmund
  6334 | D:6      | Reached XP level 8. HP: 67/70 MP: 10/10
  6484 | D:6      | Found a glowing golden altar of the Shining One.
  6641 | D:5      | Bought a glowing shield for 165 gold pieces
  8172 | D:7      | Reached XP level 9. HP: 69/78 MP: 12/12
  8263 | D:7      | Reached skill level 5 in Invocations
  8426 | D:7      | Noticed Menkaure
  8435 | D:7      | Killed Menkaure
  9026 | D:8      | Noticed Erica
  9071 | D:8      | Killed Erica
  9375 | D:8      | Reached XP level 10. HP: 88/88 MP: 14/14
  9376 | D:8      | Found a shattered altar of Ashenzari.
  9387 | D:8      | Noticed Harold
  9421 | D:8      | Killed Harold
  9428 | D:8      | Reached skill level 10 in Shields
 10228 | D:9      | Paralysed by a hornet for 2 turns
 10666 | D:9      | Reached skill level 10 in Long Blades
 10760 | D:9      | Noticed a two-headed ogre
 10767 | D:9      | Killed a two-headed ogre
 10945 | D:9      | Reached XP level 11. HP: 69/95 MP: 15/17
 11175 | D:9      | Reached *** piety under Beogh
 11561 | D:10     | Entered Level 10 of the Dungeon
 11645 | D:10     | Found a runed gate.
 11645 | D:10     | Found a runed gate.
 11645 | D:10     | Found an opulent altar of Gozag.
 11645 | D:10     | Found a runed gate.
 11645 | D:10     | Noticed a fire giant
 11645 | D:10     | Noticed nano's ghost (novice GnTm)
 11770 | D:10     | Noticed a death yak
 11775 | D:10     | Noticed a death yak
 11781 | D:10     | Noticed a death yak
 11805 | D:10     | Killed a death yak
 11827 | D:10     | Killed a death yak
 11838 | D:10     | Killed a death yak
 12228 | D:10     | Found a staircase to the Lair.
 12260 | D:10     | Noticed Maurice
 12279 | D:10     | Killed Maurice
 12561 | D:10     | Noticed a cyclops
 12601 | D:10     | Killed a cyclops
 12972 | D:11     | Found a staircase to the Orcish Mines.
 12972 | D:11     | Found the +3 hat of Pondering {ponderous, MR+ MP+10 Int+5}
 13037 | D:10     | Reached **** piety under Beogh
 13392 | D:11     | Found Ufevasao's Armour Boutique.
 13503 | D:11     | Reached skill level 10 in Fighting
 13503 | D:11     | Reached XP level 12. HP: 40/106 MP: 19/19
 13537 | D:11     | Noticed a six-headed hydra
 13544 | D:11     | Noticed Fannar
 13558 | D:11     | Killed a one-headed hydra
 13951 | D:11     | Killed Fannar
 14170 | D:11     | Gained Jorge as an ally
 14183 | D:11     | Reached skill level 10 in Invocations
 14213 | D:11     | Got a clouded iron ring
 14376 | D:11     | Noticed a two-headed ogre
 14383 | D:11     | Killed a two-headed ogre
 14419 | D:11     | Noticed a two-headed ogre
 14431 | D:11     | Killed a two-headed ogre
 14733 | D:11     | Noticed a stone giant
 14744 | D:11     | Killed a stone giant
 14744 | D:11     | Reached ***** piety under Beogh
 14786 | D:11     | Noticed a two-headed ogre
 14796 | D:11     | Killed a two-headed ogre
 15551 | Lair:1   | Entered Level 1 of the Lair of Beasts
 15598 | Lair:1   | Got a crude flail
 15600 | Lair:1   | Identified the +3 flail of the Endless Expanse {holy,
                  | Stlth+} (You found it on level 1 of the Lair of Beasts)
 15644 | Lair:1   | Identified the ring of Eggo {Wiz rElec MP+9 Int+2} (You
                  | took it off a wight on level 11 of the Dungeon)
 16251 | Lair:1   | Noticed an eight-headed hydra
 16257 | Lair:1   | Killed a six-headed hydra
 16257 | Lair:1   | Reached XP level 13. HP: 84/116 MP: 20/20
 16775 | Lair:2   | Found a staircase to the Snake Pit.
 17105 | Lair:2   | Got a faintly humming ring mail
 17107 | Lair:2   | Identified the +0 ring mail of Ejied {rCorr Str+3} (You
                  | found it on level 2 of the Lair of Beasts)
 17398 | Lair:3   | Found a radiant altar of Vehumet.
 17966 | Lair:3   | Found a staircase to the Swamp.
 18084 | Lair:3   | You fall through a shaft for 3 floors!
 18084 | Lair:6   | Entered Level 6 of the Lair of Beasts
 18824 | Lair:5   | Found a runed door.
 18825 | Lair:5   | Found a viscous altar of Jiyva.
 18825 | Lair:5   | Found a staircase to the Slime Pits.
 18825 | Lair:5   | Noticed an azure jelly
 18825 | Lair:5   | Noticed an azure jelly
 18825 | Lair:5   | Noticed an azure jelly
 18826 | Lair:5   | Noticed an azure jelly
 19625 | Lair:4   | Found a runed door.
 19631 | Lair:4   | Noticed Riddle's ghost (journeyman FoFi)
 19655 | Lair:4   | Killed Riddle's ghost
 19655 | Lair:4   | Reached skill level 15 in Shields
 20625 | Lair:6   | Reached skill level 5 in Armour
 20832 | Lair:6   | Reached XP level 14. HP: 94/129 MP: 21/21
 21118 | Lair:6   | Got an encrusted cloak
 21129 | Lair:6   | Identified the +1 cloak "Koorchowa" {MR+ Int+6} (You found
                  | it on level 6 of the Lair of Beasts)
 22332 | Orc:1    | Entered Level 1 of the Orcish Mines
 22548 | Orc:2    | Entered Level 2 of the Orcish Mines
 22548 | Orc:2    | Noticed Urug
 22557 | Orc:2    | Killed Urug
 23306 | Orc:2    | Found a burning altar of Makhleb.
 23480 | Orc:2    | Gained Bogbarth as an ally
 23528 | Orc:2    | Gained Milork as an ally
 23595 | Orc:2    | Your ally Milork died
 23605 | Orc:2    | Your ally Bogbarth died
 24080 | Orc:2    | Reached skill level 15 in Fighting
 24081 | Orc:2    | Found Qemuubli's Antique Armour Shoppe.
 24081 | Orc:2    | Found Poyvvuyz's Food Shop.
 24107 | Orc:2    | Found Paurrego's Antique Weapon Shoppe.
 24107 | Orc:2    | Found Siocs's Jewellery Shop.
 24118 | Orc:2    | Bought a runed helmet for 232 gold pieces
 24121 | Orc:2    | Bought the ring of Teem {+Blink rPois Dex-3 Slay+3 Stlth+}
                  | for 716 gold pieces
 24206 | Orc:2    | Found a staircase to the Elven Halls.
 24471 | Snake:1  | Entered Level 1 of the Snake Pit
 24476 | Snake:1  | Gained Marbaugh as an ally
 24488 | Snake:1  | Your ally Marbaugh died
 24772 | Snake:1  | Noticed Louise
 24784 | Snake:1  | Killed Louise
 24903 | Snake:1  | HP: 4/135 [naga warrior/scimitar (14)]
 24903 | Snake:1  | Slain by a naga warrior

Skill      XL: |  1  2  3  4  5  6  7  8  9 10 11 12 13 14 |
---------------+-------------------------------------------+-----
Fighting       | 4 5 6 7 8 10 11 13 15 | 15.4
Long Blades    | 3 4 5 6 7 9 10 12 13 14 | 14.0
Shields        | 4 5 6 8 9 10 12 13 15 | 15.1
Invocations    | 1 2 3 4 6 8 9 10 | 10.0
Armour         | 5 7 |  7.9

Action                   |  1- 3 |  4- 6 |  7- 9 | 10-12 | 13-15 || total
-------------------------+-------+-------+-------+-------+-------++-------
Melee: Long sword        |    95 |   279 |   323 |       |       ||   697
       Scimitar          |       |       |    17 |   645 |   601 ||  1263
 Fire: Hunting sling     |       |     3 |     6 |       |       ||     9
       Fustibalus        |       |       |       |     2 |     2 ||     4
Invok: Convert to Beogh  |       |     1 |       |       |       ||     1
       Smiting           |       |       |     2 |    14 |    11 ||    27
       Give Item to Name |       |       |       |     1 |       ||     1
       Recall Orcish Fol |       |       |       |       |     6 ||     6
Evoke: Wand              |       |       |       |       |     1 ||     1
  Use: Scroll            |       |    12 |     6 |     3 |     6 ||    27
       Potion            |       |     1 |     3 |     4 |     2 ||    10
 Stab: Distracted        |       |       |       |       |     7 ||     7
       Paralysed         |       |       |       |       |     3 ||     3
  Eat: Chunk             |     3 |     9 |     4 |     9 |    15 ||    40
       Ration            |       |       |     4 |     4 |     4 ||    12
Armor: Scale mail        |     8 |       |       |       |       ||     8
       Fire dragon scale |    22 |   175 |   154 |   181 |   191 ||   723
       Chain mail        |       |       |       |     1 |       ||     1
Dodge: Dodged            |    19 |    97 |    99 |   136 |   148 ||   499
Block: Shield            |    42 |   179 |   188 |   322 |   385 ||  1116
       Large shield      |       |       |       |       |    33 ||    33
       Reflection        |       |       |       |       |    11 ||    11
       Rpst.: Long sword |     4 |    29 |    25 |       |       ||    58
       Scimitar          |       |       |       |    34 |    43 ||    77
